 Dungeon Crawl Stone Soup version 0.17.0-7-gfadd4cc (webtiles) character file.

32717 dorian the Severer (level 14, 0/93 HPs)
             Began as a Formicid Abyssal Knight on Nov 8, 2015.
             Was a High Priest of Lugonu.
             Slain by an elephant (12 damage)
             ... on level 5 of the Lair of Beasts.
             The game lasted 00:57:26 (23765 turns).

dorian the Severer (Formicid Abyssal Knight)       Turns: 23765, Time: 00:57:26

Health: 0/93       AC: 20    Str: 22    XL:     14   Next: 4%
Magic:  17/21      EV:  7    Int: 12    God:    Lugonu [*****.]
Gold:   819        SH:  0    Dex: 10    Spells: 0 memorised, 13 levels left

rFire  . . .     SeeInvis +     b - +2 battleaxe (freeze)
rCold  . . .     Clarity  .     w - +0 plate armour
rNeg   . . .     SustAt   .     (no shield)
rPois  +         Gourm    +     (helmet unavailable)
rElec  .         Spirit   .     y - +0 cloak
rCorr  .         Warding  .     (no gloves)
rMut   .         Stasis   +     F - +1 pair of boots
MR     +....                    J - amulet of the gourmand
Stlth  ..........               E - ring of poison resistance
                                I - +3 ring of slaying

@: somewhat resistant to hostile enchantments, extremely unstealthy
A: permanent stasis, dig shafts and tunnels, four strong arms, antennae 3
a: Dig, Shaft Self, Depart the Abyss, Bend Space, Banish, Corrupt, Enter the
Abyss, Renounce Religion


You were on level 5 of the Lair of Beasts.
You worshipped Lugonu.
Lugonu was extremely pleased with you.
You were not hungry.

You visited 2 branches of the dungeon, and saw 15 of its levels.
You visited the Abyss 1 time.
You also visited: Labyrinth and Ossuary.

You collected 819 gold pieces.

Inventory:

Hand Weapons
 b - a +2 battleaxe of freezing (weapon)
 l - a +1 whip of electrocution
 n - the +2 quarterstaff of Vomnyxi {crush, +Fly}
   (You took it off a gnoll on level 10 of the Dungeon)

   It inflicts extra damage upon your enemies.
   It lets you fly.
 p - a +0 battleaxe
Missiles
 g - 12 tomahawks (quivered)
 k - 18 bolts of frost
 H - 4 javelins
Armour
 w - a +0 plate armour (worn)
 y - a +0 cloak (worn)
 F - a +1 pair of boots (worn)
Jewellery
 s - an uncursed ring of wizardry
 A - an uncursed ring of wizardry
 E - a ring of poison resistance (right hand)
 I - a +3 ring of slaying (left hand)
 J - an amulet of the gourmand (around neck)
Wands
 q - a wand of teleportation (4)
 v - a wand of cold (0)
 x - a wand of cold (4)
 z - a wand of fireball (15)
 K - a wand of slowing (20)
 M - a wand of draining (5)
 O - a wand of flame (32)
 T - a wand of lightning (5)
 X - a wand of random effects (27)
Scrolls
 d - 5 scrolls of magic mapping
 f - 3 scrolls of immolation
 i - 3 scrolls of enchant armour
 m - 7 scrolls of identify
 r - 4 scrolls of fog
 G - 6 scrolls of recharging
 Q - 2 scrolls of amnesia
 U - a scroll of enchant weapon
 Z - a scroll of vulnerability {unknown}
Potions
 e - a potion of cure mutation
 j - 4 potions of might
 o - 5 potions of brilliance
 t - a potion of cancellation
 u - 4 potions of magic
 B - 5 potions of curing
 L - 2 potions of lignification
 N - 2 potions of beneficial mutation {unknown}
 P - a potion of flight
 R - a potion of agility {unknown}
 W - 2 potions of resistance {unknown}
 Y - 2 potions of berserk rage {unknown}
Books
 a - a book of Cantrips

   Spells                             Type                      Level
   a - Corona                         Hexes                        1
   b - Animate Skeleton               Necromancy                   1
   c - Summon Small Mammal            Summoning                    1
   d - Apportation                    Translocation                1
 C - the Papyrus of Attacks and Calling
   (You found it in a labyrinth)

   Spells                             Type                      Level
   a - Magic Dart                     Conjuration                  1
   b - Sting                          Conjuration/Poison           1
   c - Summon Guardian Golem          Hexes/Summoning              3
   d - Summon Ice Beast               Ice/Summoning                4
   e - Aura of Abjuration             Summoning                    5
   f - Bolt of Fire                   Conjuration/Fire             6
Miscellaneous
 V - a fan of gales
Comestibles
 c - 8 bread rations
 h - 3 slices of pizza
 D - 6 fruits
 S - 10 royal jellies


   Skills:
 - Level 3.2 Fighting
 * Level 16.0 Axes
 + Level 14.2 Armour
 - Level 0.8 Dodging
 - Level 10.3 Invocations


You had 13 spell levels left.
You didn't know any spells.

Dungeon Overview and Level Annotations

Branches:
Dungeon (10/15)            Temple (0/1) D:6            Lair (5/8) D:10
  Swamp (0/4) Lair:4        Snake (0/4) Lair:3
    Orc: D:9-12

Altars:
Elyvilon
Fedhas
Gozag
Kikubaaqudgha
Makhleb
Nemelex Xobeh
Ru
Sif Muna
Trog
Vehumet
Xom
Yredelemnul
The Shining One

Annotations:
D:8 exclusion: statue
Lair:2 exclusion: ice statue
Abyss:1 Erica, Eustachio, Pikel


Innate Abilities, Weirdness & Mutations

You are under a permanent stasis effect.
You can dig through walls and to a lower floor.
Your four strong arms can wield two-handed weapons with a shield.
You have a pair of large antennae on your head (SInv).


Message History

The elephant is almost dead.
The elephant tramples you!
* * * LOW HITPOINT WARNING * * *
You hold your ground!
The elephant trunk-slaps you but does no damage.
Unknown command.
You are too injured to fight recklessly!
You are too injured to fight recklessly!
You hit the elephant. You freeze the elephant.
The elephant is almost dead.
The elephant tramples you!
* * * LOW HITPOINT WARNING * * *
You hold your ground!
The elephant trunk-slaps you but does no damage.
Press: ? - help, Shift-Dir - straight line, f - elephant
Aim: an elephant (chance to defeat MR: 58%)
The elephant is devoured by a tear in reality.
Lugonu claims a new guest.
The elephant tramples you!
You die...

.... ♣♣♣♣♣♣♣ .....
.....♣ #.....
....♣ #P.....
######..♣♣♣?P.....
#⌠...#..♣♣........
+..§.#............
+§§<.....Y........
+@Y..#............
#⌠...#..♣♣........
######Y.♣♣♣.......
Y Y...♣ ♣.......
Y....♣ ♣♣P.[...
♣♣♣♣♣♣♣ ♣P......
♣♣♣......
♣........ ##.....


You could see an elephant.

Vanquished Creatures
  Josephine (Lair:4)
  Harold (Lair:4)
  2 unseen horrors (Lab)
  A hill giant (D:10)
  7 elephants
  2 black mambas
  3 spiny frogs
  2 komodo dragons
  A queen bee (Lair:3)
  2 trolls
  A polar bear (Lair:2)
  12 blink frogs
  A trapdoor spider (Lab)
  5 wraiths (Lair:4)
  42 yaks
  A wyvern (D:10)
  5 swamp worms (Lair:4)
  6 wolves
  4 hippogriffs
  3 nagas (Lair:3)
  A basilisk (Lair:5)
  3 orc warriors
  8 water moccasins
  4 porcupines
  A slave (D:6)
  9 ice beasts
  2 sky beasts
  2 phantoms
  A necrophage (D:8)
  6 ogres
  4 crocodiles
  3 centaurs
  Blork the orc (D:6)
  A big kobold (D:8)
  9 giant frogs
  4 scorpions
  33 killer bees
  An electric eel (D:10)
  4 wights (D:10)
  5 crimson imps
  A giant frog zombie (D:6)
  2 jellies
  A giant frog skeleton (D:10)
  8 orc priests
  Ijyb (D:3)
  5 hounds
  Jessica (D:3)
  4 orc wizards
  Terence (D:3)
  8 iguanas
  9 worker ants
  6 sheep (Lair:2)
  A mummy (Ossuary)
  A hound skeleton (D:5)
  13 adders
  7 gnolls
  37 river rats
  A white imp (Lair:2)
  A worm zombie (D:5)
  An adder skeleton (D:6)
  3 worms
  51 orcs
  9 giant cockroaches
  10 hobgoblins
  3 jackals (D:1)
  14 kobolds
  4 quokkas
  2 ball pythons
  5 bats
  6 giant geckos
  A giant gecko skeleton (D:4)
  3 giant newts
  6 gnoll skeletons (Ossuary)
  10 goblins
  2 jackal zombies
  8 kobold skeletons (Ossuary)
  11 orc skeletons (Ossuary)
  10 rats
  6 plants
477 creatures vanquished.

Vanquished Creatures (others)
  The ghost of Borgoz the Fighter, a journeyman MiFi of the Shining One (Lair:1)
  2 hydras
  The ghost of HaroldButt the Grappler, a journeyman VSMo of Ru (D:8)
  2 hill giants (D:10)
  An elephant (Lair:5)
  2 gargoyles (Lab)
  A troll (D:10)
  A freezing wraith (Lair:2)
  A two-headed ogre (D:10)
  A wraith (Ossuary)
  A hungry ghost (D:7)
  A swamp worm (Lair:4)
  An ogre (D:7)
  2 killer bees (D:7)
  2 electric eels
  A jelly (D:7)
  An orc priest (D:9)
  A shadow imp (D:6)
  An orc (D:10)
  4 fungi
  2 plants
30 creatures vanquished.

Grand Total: 507 creatures vanquished

Notes
Turn   | Place    | Note
--------------------------------------------------------------
     0 | Abyss:1  | dorian the Formicid Abyssal Knight began the quest for the Orb.
     0 | Abyss:1  | Reached XP level 1. HP: 18/18 MP: 2/2
     9 | D:1      | Escaped the Abyss
   284 | D:1      | Reached XP level 2. HP: 8/24 MP: 3/3
   864 | D:1      | Reached ** piety under Lugonu
   872 | D:1      | Reached XP level 3. HP: 27/29 MP: 4/4
  1726 | D:2      | Reached XP level 4. HP: 30/35 MP: 6/6
  1920 | D:2      | Found an opulent altar of Gozag.
  1920 | D:2      | Found a sparkling altar of Nemelex Xobeh.
  2492 | D:3      | Reached XP level 5. HP: 41/41 MP: 7/7
  2534 | D:3      | Reached *** piety under Lugonu
  2611 | D:3      | Noticed Ijyb
  2631 | D:3      | Killed Ijyb
  2631 | D:3      | Reached skill level 4 in Invocations
  2652 | D:3      | Found a burning altar of Makhleb.
  2769 | D:3      | Noticed Terence
  2772 | D:3      | Noticed Jessica
  2774 | D:3      | Killed Terence
  2781 | D:3      | Reached XP level 6. HP: 28/47 MP: 9/9
  2784 | D:3      | Killed Jessica
  3909 | D:4      | Reached skill level 5 in Invocations
  3909 | D:4      | Reached XP level 7. HP: 43/52 MP: 10/10
  3999 | D:4      | Found an ancient bone altar of Kikubaaqudgha.
  4055 | D:4      | Reached skill level 5 in Armour
  4559 | D:5      | Entered Level 5 of the Dungeon
  4722 | D:5      | Found a sand-covered staircase.
  4734 | Ossuary  | Entered an ossuary
  4734 | Ossuary  | Noticed a wraith
  4734 | Ossuary  | Noticed a wraith
  4734 | Ossuary  | Noticed a wraith
  4741 | Ossuary  | Reached **** piety under Lugonu
  4931 | Ossuary  | Noticed a wraith
  4951 | Ossuary  | Banished a wraith
  5072 | D:5      | Found a basalt altar of Yredelemnul.
  5239 | D:5      | Reached skill level 5 in Axes
  5445 | D:5      | Reached skill level 6 in Invocations
  5445 | D:5      | Reached XP level 8. HP: 58/58 MP: 12/12
  5480 | D:5      | Found a deep blue altar of Sif Muna.
  5632 | D:5      | Found an opulent altar of Gozag.
  5804 | D:6      | Noticed Eustachio
  5807 | D:6      | Noticed Blork the orc
  5915 | D:5      | Banished Eustachio
  6204 | D:6      | Killed Blork the orc
  6204 | D:6      | Reached skill level 7 in Invocations
  6392 | D:6      | Found a staircase to the Ecumenical Temple.
  6392 | D:6      | Noticed Pikel
  6427 | D:6      | Banished Pikel
  6427 | D:6      | Reached XP level 9. HP: 18/64 MP: 14/14
  6755 | D:6      | Reached skill level 8 in Invocations
  8687 | D:8      | Reached skill level 9 in Invocations
  8806 | D:8      | Noticed Erica
  8806 | D:8      | Noticed HaroldButt's ghost (journeyman VSMo)
  8853 | D:8      | Banished HaroldButt's ghost
  8853 | D:8      | Reached XP level 10. HP: 32/70 MP: 11/17
  9156 | D:8      | Found a radiant altar of Vehumet.
  9215 | D:8      | Found a shimmering altar of Xom.
  9215 | D:8      | Found a bloodstained altar of Trog.
  9215 | D:8      | Found a sacrificial altar of Ru.
  9215 | D:8      | Found a glowing golden altar of the Shining One.
  9246 | D:8      | Found a white marble altar of Elyvilon.
  9246 | D:8      | Found a blossoming altar of Fedhas.
  9584 | D:8      | Banished Erica
  9612 | D:8      | Reached skill level 10 in Invocations
 11440 | D:9      | Reached skill level 10 in Armour
 11449 | D:9      | Reached XP level 11. HP: 27/75 MP: 18/18
 12276 | D:9      | Reached skill level 10 in Axes
 12435 | D:10     | Entered Level 10 of the Dungeon
 12631 | D:10     | Noticed a hill giant
 13195 | D:10     | Banished a hill giant
 13352 | D:9      | Reached skill level 11 in Axes
 13517 | D:10     | Got a slimy quarterstaff {crush}
 13518 | D:10     | Identified the cursed +2 quarterstaff of Vomnyxi {crush, +Fly} (You took it off a gnoll on level 10 of the Dungeon)
 13888 | D:10     | Noticed a hill giant
 14056 | D:10     | Banished a hill giant
 14475 | D:10     | Noticed a hill giant
 14485 | D:10     | Killed a hill giant
 14904 | D:10     | Found a staircase to the Lair.
 14927 | D:10     | Reached skill level 12 in Axes
 15181 | Lair:1   | Entered Level 1 of the Lair of Beasts
 15365 | Lair:1   | Reached XP level 12. HP: 72/81 MP: 19/19
 15424 | Lair:1   | Found a labyrinth entrance.
 15429 | Lair:1   | Noticed Borgoz's ghost (journeyman MiFi)
 15442 | Lair:1   | Banished Borgoz's ghost
 15692 | Lab      | Entered a labyrinth
 16407 | Lab      | Reached skill level 13 in Axes
 16637 | Lab      | Noticed a minotaur
 16639 | Lab      | Banished a minotaur
 16645 | Lab      | Identified the Papyrus of Attacks and Calling
 17830 | Lair:2   | Reached skill level 14 in Axes
 17980 | Lair:2   | HP: 2/81 [porcupine's spines (9)]
 18381 | Lair:2   | Reached XP level 13. HP: 77/86 MP: 20/20
 19386 | Lair:3   | Reached ***** piety under Lugonu
 20344 | Lair:3   | Found a staircase to the Snake Pit.
 20542 | Lair:3   | Reached skill level 15 in Axes
 21939 | Lair:4   | Noticed Harold
 21954 | Lair:4   | Killed Harold
 22709 | Lair:4   | Noticed Josephine
 22737 | Lair:4   | Killed Josephine
 22759 | Lair:4   | Reached ****** piety under Lugonu
 23478 | Lair:4   | Found a staircase to the Swamp.
 23753 | Lair:5   | Reached skill level 16 in Axes
 23753 | Lair:5   | Reached XP level 14. HP: 74/93 MP: 21/21
 23765 | Lair:5   | Slain by an elephant

Action                   |  1- 3 |  4- 6 |  7- 9 | 10-12 | 13-15 || total
-------------------------+-------+-------+-------+-------+-------++-------
Melee: Hand axe          |   135 |    57 |       |       |       ||   192
       Whip              |       |   190 |   222 |       |       ||   412
       Battleaxe         |       |       |   168 |   672 |   463 ||  1303
Throw: Tomahawk          |       |       |       |    10 |       ||    10
Invok: Banish            |       |       |     8 |    19 |     8 ||    35
 Abil: Dig               |       |       |       |     3 |     2 ||     5
Evoke: Wand              |       |       |       |     4 |       ||     4
  Use: Scroll            |       |       |    12 |     5 |       ||    17
       Potion            |       |       |     3 |    10 |       ||    13
  Eat: Chunk             |     3 |     7 |     7 |    31 |    15 ||    63
       Meat ration       |       |       |     2 |     1 |       ||     3
       Pizza             |       |       |     1 |       |       ||     1
       Fruit             |       |       |       |     3 |       ||     3
       Royal jelly       |       |       |       |     2 |       ||     2
       Bread ration      |       |       |       |     1 |       ||     1
